 Dungeon Crawl Stone Soup version 0.30.1-9-gdf580d7c3d (webtiles) character file.

Game seed: 12341096052819365098

45294 booth the Cleaver (level 14, -15/126 HPs)
             Began as a Hill Orc Fighter on Oct 4, 2023.
             Was a High Priest of Beogh.
             Killed from afar by an ogre mage (22 damage)
             ... with a bolt of magma
             ... on level 2 of the Orcish Mines on Oct 5, 2023.
             The game lasted 01:45:47 (16721 turns).

booth the Cleaver (Hill Orc Fighter)               Turns: 16721, Time: 01:45:48

Health: -15/126    AC: 19    Str: 31    XL:     14   Next: 32%
Magic:  28/28      EV: 10    Int:  7    God:    Beogh [*****.]
Gold:   826        SH:  6    Dex: 11    Spells: 13/13 levels left

rFire   + . .        A - +9 war axe "Quddaane" {venom, Fly MP+9 Str+5}
rCold   + . .        c - +0 buckler
rNeg    + . .        b - +0 scale mail
rPois   .            S - +2 hat {Stlth+}
rElec   .            P - +1 cloak
rCorr   .            Q - +1 pair of gloves of Hopscotch {Regen+}
SInv    .            W - +2 pair of boots
Will    +....        M - amulet of regeneration
Stlth   +            j - ring "Ahukan" {rC+ rN+}
HPRegen 2.01/turn    H - ring of protection from fire
MPRegen 0.21/turn

%: no passive effects
@: flying
A: walk on water, talons 2, low MP 1, strong 1
a: Renounce Religion, Smiting, Recall Orcish Followers, Give Item to Named
Follower


You were on level 2 of the Orcish Mines.
You worshipped Beogh.
Beogh was extremely pleased with you.
You visited 3 branches of the dungeon, and saw 17 of its levels.

You collected 1423 gold pieces.
You spent 597 gold pieces at shops.

Inventory:

Hand Weapons
 l - a +3 flail of freezing
 z - the +4 whip of Ufferr {heavy, Str+4 Stlth-}
   (You took it off an orc on level 6 of the Dungeon)

   Str:       It affects your strength (+4).
   Stlth:     It makes you less stealthy.
 A - the +9 war axe "Quddaane" (weapon) {venom, Fly MP+9 Str+5}
   (You found it on level 5 of the Dungeon)

   Str:       It affects your strength (+5).
   MP:        It affects your magic capacity (+9).
   Fly:       It grants you flight.
 K - a +3 mace
Missiles
 n - 33 poisoned darts
 q - 6 javelins
 u - a boomerang (quivered)
 v - 6 silver javelins
 C - 2 silver boomerangs
 D - 4 atropa-tipped darts
Armour
 b - a +0 scale mail (worn)
 c - a +0 buckler (worn)
 h - a +0 chain mail
 P - a +1 cloak (worn)
 Q - the +1 pair of gloves of Hopscotch (worn) {Regen+}
   (You found it on level 1 of the Lair of Beasts)

   Regen:     It increases your rate of health regeneration.
 S - a +2 hat of stealth (worn)
 V - the +4 skin of Zhor {*Englaciate rC+++ SInv}
   (You found it on level 11 of the Dungeon)

   *Englaciate: It radiates cold, occasionally slowing all nearby creatures who
   are not resistant to cold.
   rC:        It renders you almost immune to cold.
   SInv:      It lets you see invisible.
 W - a +2 pair of boots (worn)
Jewellery
 j - the ring "Ahukan" (left hand) {rC+ rN+}
   (You found it on level 2 of the Dungeon)

   [ring of protection from cold]

   rC:        It protects you from cold.
   rN:        It protects you from negative energy.
 t - a ring of resist corrosion
 H - a ring of protection from fire (right hand)
 L - a +6 ring of strength
 M - an amulet of regeneration (around neck)
Wands
 e - a wand of roots (4)
 G - a wand of flame (24)
 I - a wand of paralysis (11)
 N - a wand of mindburst (12)
 O - a wand of polymorph (6)
 T - a wand of digging (3)
Scrolls
 g - 8 scrolls of teleportation
 i - a scroll of blinking
 p - a scroll of silence
 r - 3 scrolls of fear
 s - a scroll of fog
 x - 3 scrolls of torment
 y - 2 scrolls of immolation
 B - 2 scrolls of magic mapping
 R - a scroll of identify
 U - 2 scrolls of poison
Potions
 a - a potion of ambrosia
 d - 3 potions of might
 k - 6 potions of curing
 m - a potion of berserk rage
 o - 5 potions of lignification
 w - a potion of brilliance
 E - 3 potions of attraction
 J - a potion of haste


   Skills:
 + Level 12.3 Fighting
 + Level 14.7(16.0) Axes
 + Level 8.7(11.8) Maces & Flails
 + Level 8.5 Throwing
 + Level 11.2 Armour
 + Level 11.3 Shields
 + Level 9.6 Invocations


You had 13 spell levels left.
You didn't know any spells.
Your spell library contained the following spells:

 Spells                   Type           Power      Damage    Failure   Level
 Beastly Appendage        Tmut           0%         N/A       65%         1
 Blink                    Tloc           0%         N/A       80%         2
 Ensorcelled Hibernation  Hex/Ice        0%         N/A       80%         2
 Lesser Beckoning         Tloc           0%         N/A       80%         2
 Momentum Strike          Conj/Tloc      0%         3d8       80%         2
 Passwall                 Tmut/Erth      0%         N/A       80%         2
 Wereblood                Tmut           0%         N/A       80%         2
 Gell's Gravitas          Tloc           0%         N/A       95%         3
 Spider Form              Tmut/Pois      0%         N/A       95%         3
 Swiftness                Air            0%         N/A       95%         3
 Teleport Other           Tloc           0%         N/A       95%         3
 Vhi's Electric Charge    Tloc/Air       0%         N/A       95%         3
 Anguish                  Hex/Necr       0%         N/A       100%        4
 Animate Dead             Necr           0%         N/A       100%        4
 Cause Fear               Hex            0%         N/A       100%        4
 Summon Ice Beast         Ice/Summ       0%         N/A       100%        4
 Summon Lightning Spire   Summ/Air       0%         N/A       100%        4
 Arcjolt                  Conj/Air       0%         1d10      100%        5
 Borgnjor's Vile Clutch   Necr/Erth      0%         N/A       100%        5
 Summon Mana Viper        Hex/Summ       0%         N/A       100%        5
 Death Channel            Necr           0%         N/A       100%        6
 Dispersal                Tloc           0%         N/A       100%        6
 Enfeeble                 Hex            0%         N/A       100%        7
 Monstrous Menagerie      Summ           0%         N/A       100%        7
 Storm Form               Tmut/Air       0%         N/A       100%        7
 Maxwell's Capacitive Co  Air            0%         ∞         100%        8


Dungeon Overview and Level Annotations

Branches:
Dungeon (12/15)            Temple (0/1) D:5            Lair (3/5) D:8
 Shoals (0/4) Lair:3        Snake (0/4) Lair:2          Orc (2/2) D:12
    Elf (0/3) Orc:2

Altars:
Cheibriados
Dithmenos
Fedhas
Gozag
Hepliaklqana
Kikubaaqudgha
Qazlal
Ru
Trog
Vehumet
The Shining One
Beogh

Shops:
D:6 *(?**   D:7 !   D:8 (?   D:9 =   D:11 [([!   Orc:2 ![[(

Annotations:
D:11 2 transporters, Cheops's ghost, journeyman NaFE


Innate Abilities, Weirdness & Mutations

You can walk on water.
You have razor-sharp toenails.
Your magical capacity is low. (-10% MP)
Your muscles are strong. (Str +4, Int/Dex -1)


Message History

The two-headed ogre looks even sicker.
Your orc knight hits the two-headed ogre with a +0 halberd!!
The two-headed ogre dies!
Beogh accepts your kill.
Beogh blesses Milork with healing.
Milork looks more experienced.
Your orc warrior hits something but does no damage.
You swap places.
Your orc knight hits something with a +1 halberd of venom!!
The ogre barely misses your orc knight.
You hear some strange, mumbled words.
A bolt of magma appears from out of thin air!
The bolt of magma hits your orc warrior!!
Your orc warrior dies!
The bolt of magma hits your orc wizard!!
Your orc wizard dies!
The bolt of magma hits you!! You partially resist.
* * * LOW HITPOINT WARNING * * *
The bolt of magma hits your orc!!!
Your orc dies!
Milork hits the ogre with a +0 halberd!!
You hear two shouts!
You swap places.
Your orc knight barely misses the ogre.
The ogre hits Milork with a +0 giant club.
Milork barely misses the ogre.
You hear some strange, mumbled words.
Something hits your orc wizard.
Your orc wizard points next to the ogre and mumbles some strange words.
The magic dart hits the ogre!
The ogre dies!
Beogh accepts your kill.
Your orc wizard looks more experienced.
Your orc knight hits something with a +1 halberd of venom!!
Your orc wizard hits something with a +0 dagger.
Beogh accepts your kill.
You feel a bit more experienced.
You hear some strange, mumbled words.
A bolt of magma appears from out of thin air!
The bolt of magma hits your orc wizard! The bolt of magma hits you!!
You partially resist.
You die...

................#........
......∩∩o...... .........
..)...∩∩.)..... .........
.......OOO..... #........
.......OO...... #........
#.....O{O.OO.# ##........
######O{########...#....#
.....ooooo.o.............
........@ooo.............
###############.##....##.
##..o#....##
#........#.##
###...........#
##.##.#.....#.##
##..#..o.....### ##
#........##.## .
#.##.........#.#


You could see a two-headed ogre, 3 ogres, a friendly orc knight (strong), the
friendly Milork the orc knight (strong), a friendly orc priest (strong), 2
friendly orc wizards and 4 friendly orcs.

Vanquished Creatures
  Gastronok (Lair:2)
  5 hydras
  2 ogre magi (Orc:2)
  A catoblepas (Lair:3)
  6 two-headed ogres
  An orc high priest (Orc:2)
  2 skysharks (Lair:3)
  2 lindwurms
  8 black mambas
  4 manticores
  6 elephants
  Maurice (D:9)
  2 rime drakes (Lair:2)
  6 cane toads
  10 komodo dragons
  An unseen horror (D:12)
  A troll (D:10)
  A wind drake (Lair:3)
  Grinder (D:5)
  18 blink frogs
  2 slime creatures (D:12)
  A shadow (D:12)
  Eustachio (D:5)
  3 basilisks
  4 wyverns
  3 vampire mosquitoes (D:11)
  36 yaks
  2 wargs (Orc:2)
  A steam dragon (D:6)
  An acid dragon (D:11)
  15 water moccasins
  2 orc warriors (D:9)
  A black bear (Lair:1)
  4 wolves
  6 ogres
  6 centaurs
  A phantom (D:5)
  10 bullfrogs
  2 kobold brigands
  A gnoll sergeant (D:7)
  A scorpion (D:6)
  16 wights
  11 killer bees
  4 howler monkeys
  2 jellies
  An orc priest (D:9)
  A hound (D:5)
  2 gnoll boudas
  5 iguanas
  9 orc wizards
  Natasha (thrice) (D:2)
  17 gnolls
  6 adders
  2 shadow imps
  A white imp (D:7)
  An ufetubus (D:7)
  2 worms
  A dart slug (D:2)
  48 orcs
  7 endoplasms
  A goblin (D:2)
  11 hobgoblins
  2 jackals (D:1)
  A quokka (D:1)
  11 ball pythons
  3 bats
  4 frilled lizards
  22 kobolds
  8 rats
384 creatures vanquished.

Vanquished Creatures (collateral kills)
  An orc warlord (Orc:2)
  6 two-headed ogres (Orc:2)
  2 orc knights (Orc:1)
  3 trolls (Orc:1)
  2 slime creatures (D:12)
  A warg (Orc:2)
  An acid dragon (D:12)
  2 orc warriors (Orc:1)
  7 ogres (Orc:2)
  2 orc priests
  4 orc wizards
  6 orcs
37 creatures vanquished.

Vanquished Creatures (others)
  3 orc warriors (Orc:2)
  3 orc wizards
  4 orc priests
  9 orcs
19 creatures vanquished.

Grand Total: 440 creatures vanquished

Notes
Turn   | Place    | Note
-------+----------+-------------------------------------------
     0 | D:1      | booth the Hill Orc Fighter began the quest for the Orb.
     0 | D:1      | Reached XP level 1. HP: 19/19 MP: 1/1
   329 | D:1      | Reached skill level 3 in Axes
   329 | D:1      | Reached XP level 2. HP: 27/27 MP: 2/2
   794 | D:1      | Reached XP level 3. HP: 33/33 MP: 3/3
  1251 | D:2      | Identified the ring "Ahukan" {rC+ rN+}
  1470 | D:2      | Noticed Natasha
  1487 | D:2      | Killed Natasha
  1488 | D:2      | Reached XP level 4. HP: 32/40 MP: 4/4
  1625 | D:2      | Noticed Natasha
  1650 | D:2      | Killed Natasha
  1703 | D:2      | Noticed Natasha
  1713 | D:2      | Killed Natasha
  1714 | D:2      | Reached skill level 4 in Axes
  1714 | D:2      | Reached XP level 5. HP: 46/47 MP: 5/5
  1965 | D:3      | Found an opulent altar of Gozag.
  2633 | D:3      | Gained mutation: Your magical capacity is low. (-10% MP)
                  | [potion of mutation]
  2633 | D:3      | Gained mutation: Your muscles are strong. (Str +4, Int/Dex
                  | -1) [potion of mutation]
  2633 | D:3      | Gained mutation: You have sharp toenails. [potion of
                  | mutation]
  2633 | D:3      | Gained mutation: You have razor-sharp toenails. [potion of
                  | mutation]
  2724 | D:4      | Reached skill level 5 in Axes
  2724 | D:4      | Reached XP level 6. HP: 26/55 MP: 5/5
  2978 | D:4      | Reached skill level 5 in Fighting
  3456 | D:4      | Found a hazy altar of Hepliaklqana.
  3465 | D:4      | Found a radiant altar of Vehumet.
  3739 | D:4      | Reached XP level 7. HP: 15/61 MP: 6/6
  4040 | D:5      | Entered Level 5 of the Dungeon
  4064 | D:5      | Found a staircase to the Ecumenical Temple.
  4097 | D:5      | Noticed Eustachio
  4118 | D:5      | Killed Eustachio
  4119 | D:5      | Reached skill level 6 in Axes
  4119 | D:5      | Reached skill level 5 in Armour
  4119 | D:5      | Reached skill level 5 in Shields
  4217 | D:5      | Noticed Grinder
  4229 | D:5      | Reached skill level 1 in Throwing
  4229 | D:5      | Paralysed by Grinder for 5 turns
  4247 | D:5      | Killed Grinder
  4248 | D:5      | Reached skill level 7 in Axes
  4248 | D:5      | Reached XP level 8. HP: 70/70 MP: 7/7
  4387 | D:5      | Found a faded altar of an unknown god.
  4387 | D:5      | Found a shadowy altar of Dithmenos.
  4395 | D:5      | Found a glowing golden altar of the Shining One.
  4402 | D:5      | Found a snail-covered altar of Cheibriados.
  4404 | D:5      | Found a blossoming altar of Fedhas.
  4746 | D:5      | Identified the +9 war axe "Quddaane" {venom, Fly MP+9
                  | Str+5}
  4950 | D:6      | Found Utosu's General Store.
  5080 | D:6      | Reached skill level 8 in Axes
  5195 | D:6      | Found Feoxzakk's Antique Weapon Shop.
  5197 | D:6      | Found Bezi's General Store.
  5197 | D:6      | Found Uhyeq's Magic Scroll Shop.
  5198 | D:6      | Found Nappeoxt's General Store.
  5209 | D:6      | Bought a scroll of identify for 28 gold pieces
  5583 | D:6      | Bought 2 silver boomerangs for 120 gold pieces
  5738 | D:6      | Found an ancient bone altar of Kikubaaqudgha.
  5936 | D:6      | Identified the +4 whip of Ufferr {heavy, Str+4 Stlth-}
  5977 | D:6      | Bought a scroll of brand weapon for 104 gold pieces
  6009 | D:7      | Reached XP level 9. HP: 54/78 MP: 8/8
  6013 | D:7      | Reached skill level 9 in Axes
  6252 | D:6      | Bought a potion of heal wounds for 65 gold pieces
  6732 | D:7      | Found Natonn's Distillery.
  6814 | D:7      | Found a stormy altar of Qazlal.
  7009 | D:8      | Reached skill level 10 in Axes
  7074 | D:8      | Found Lizury's Magic Scroll Shoppe.
  7239 | D:8      | Reached XP level 10. HP: 70/88 MP: 9/9
  7365 | D:8      | Became a worshipper of Beogh the Brigand
  7427 | D:8      | Found Obutousa's Weapon Emporium.
  7599 | D:8      | Found a staircase to the Lair.
  7629 | D:8      | Reached skill level 11 in Axes
  7655 | D:8      | Reached skill level 1 in Maces & Flails
  8027 | D:8      | Found a bloodstained altar of Trog.
  8168 | D:6      | Bought a scroll of teleportation for 33 gold pieces
  8168 | D:6      | Bought a scroll of identify for 22 gold pieces
  8361 | D:9      | Noticed a two-headed ogre
  8378 | D:9      | Killed a two-headed ogre
  8478 | D:9      | Noticed Maurice
  8495 | D:9      | Killed Maurice
  8548 | D:9      | Found a roughly hewn altar of Beogh.
  8566 | D:9      | Reached skill level 5 in Throwing
  8584 | D:9      | Reached * piety under Beogh
  8816 | D:9      | Found a sacrificial altar of Ru.
  9039 | D:9      | Found Optesav's Jewellery Emporium.
  9152 | D:10     | Entered Level 10 of the Dungeon
  9342 | D:10     | Reached skill level 1 in Invocations
  9558 | D:10     | Reached XP level 11. HP: 89/97 MP: 11/11
  9774 | D:10     | Noticed a two-headed ogre
  9789 | D:10     | Killed a two-headed ogre
  9904 | D:10     | Noticed a two-headed ogre
  9908 | D:10     | Killed a two-headed ogre
  9909 | D:10     | Reached skill level 12 in Axes
 10057 | D:10     | Reached ** piety under Beogh
 10221 | D:11     | Found a transporter.
 10221 | D:11     | Noticed a tengu warrior
 10222 | D:11     | Found a bloodstained altar of Trog.
 10222 | D:11     | Noticed Cheops's ghost (journeyman NaFE)
 10222 | D:11     | Noticed a moth of wrath
 10311 | Lair:1   | Entered Level 1 of the Lair of Beasts
 10501 | Lair:1   | Identified the +1 pair of gloves of Hopscotch {Regen+}
 10761 | Lair:1   | Reached skill level 5 in Maces & Flails
 11037 | Lair:1   | Reached skill level 10 in Fighting
 11037 | Lair:1   | Reached skill level 5 in Invocations
 11037 | Lair:1   | Reached XP level 12. HP: 106/106 MP: 14/14
 11478 | Lair:2   | Noticed Gastronok
 11507 | Lair:2   | Killed Gastronok
 11531 | Lair:2   | Found a staircase to the Snake Pit.
 11671 | Lair:2   | Reached *** piety under Beogh
 11672 | Lair:2   | Reached skill level 13 in Axes
 12687 | Lair:2   | Noticed a five-headed hydra
 12697 | Lair:2   | Killed a five-headed hydra
 12698 | Lair:2   | Reached skill level 10 in Armour
 12702 | Lair:2   | Reached skill level 10 in Shields
 12733 | Lair:2   | Reached XP level 13. HP: 31/115 MP: 16/16
 12897 | Lair:2   | Reached **** piety under Beogh
 13596 | Lair:3   | Reached skill level 14 in Axes
 13687 | Lair:3   | Found a staircase to the Shoals.
 14517 | D:11     | Found Lyareyg's Distillery.
 14518 | D:11     | Found Kuxze's Antique Armour Emporium.
 14578 | D:11     | Found the +4 skin of Zhor {*Englaciate rC+++ SInv}
 14689 | D:11     | Found Taump's Antique Armour Emporium.
 14696 | D:11     | Bought a pair of glowing boots for 225 gold pieces
 14840 | D:11     | Found a transporter.
 14889 | D:11     | Found Kigicizu's Weapon Emporium.
 15147 | D:12     | Found a staircase to the Orcish Mines.
 15178 | D:12     | HP: 5/117 [slime creature (9)]
 15251 | Orc:1    | Entered Level 1 of the Orcish Mines
 15323 | Orc:1    | Reached XP level 14. HP: 90/125 MP: 18/18
 15459 | Orc:2    | Entered Level 2 of the Orcish Mines
 15507 | Orc:2    | Found a staircase to the Elven Halls.
 15521 | Orc:2    | Reached ***** piety under Beogh
 15522 | Orc:2    | Noticed an orc warlord
 15531 | Orc:2    | Killed an orc warlord
 16690 | Orc:2    | Found Vurgh's Weapon Boutique.
 16690 | Orc:2    | Found Upnirat's Armour Shoppe.
 16690 | Orc:2    | Found Cufuj's Antique Armour Shoppe.
 16690 | Orc:2    | Found Ynno's Distillery.
 16712 | Orc:2    | HP: 5/126 [two-headed ogre/+0 giant club (21)]
 16718 | Orc:2    | Gained Milork as an ally
 16719 | Orc:2    | HP: 3/126 [something/bolt of magma (25)]
 16721 | Orc:2    | Killed from afar by an ogre mage

Illustrated notes

Levels and vault maps discovered:
D:1:      amcnicky_arrival_single_pillar, layout_basic
D:2:      layout_loops_cross, grunt_decor_resistance, uniq_natasha
D:3:      layout_loops_ring, mainiacjoe_overflow_alcove_2,
          ebering_dispersal_statue_hall, nicolae_elevator_lobby_plus
D:4:      layout_loops_corners, amethyst_overflow_temple_binary,
          dk_noncrumbling_3, st_stairs_14
D:5:      layout_loops_cross, chequers_temple_overflow_minitemple,
          minmay_temple_entry_drinking_statues, uniq_grinder, uniq_eustachio
D:6:      layout_gridville, lemuel_crystal_altar, serial_shops, shop,
          minivault_14, minmay_shop_grid_forest
D:7:      layout_basic, mainiacjoe_overflow_alcove_1, serial_shops,
          nicolae_shop_industrial_runoff, kennysheep_flooded_box
D:8:      layout_cave_pods, mainiacjoe_overflow_alcove_4, david_lair_shrubbed,
          serial_shops, shop, shop
D:9:      layout_loops_ring, nicolae_ru_sacrificial_ziggurat, serial_shops,
          kennysheep_mini_moat, special_room [special_room_orc], uniq_maurice
D:10:     layout_gridville
D:11:     layout_loops_ring, serial_shops, nicolae_shop_mannequins, shop,
          nicolae_shop_industrial_runoff, shop,
          gammafunk_ghost_wrathful_warriors
D:12:     layout_stronghold, david_orc_2, minmay_orc_keep
Lair:1:   layout_gridlike, grunt_megastairs_4
Lair:2:   nzn_winding_woodlands_stair_cross
          [nzn_winding_woodlands_5x15_pathside_ponds,
          nzn_winding_woodlands_center_garden, nzn_winding_woodlands_5x15_pool,
          nzn_winding_woodlands_5x5_cross, nzn_winding_woodlands_5x5_three,
          nzn_winding_woodlands_5x15_parted, nzn_winding_woodlands_center_lodge,
          nzn_winding_woodlands_5x15_zeroes], layout_long_grid,
          dummy_snake_entry, uniq_gastronok
Lair:3:   layout_small_grid, minmay_shoals_entry_beasts,
          hangedman_lair_generics_rect
Orc:1:    layout_caves
Orc:2:    st_orc_ogre_mass, layout_diamond_mine, basic_altar, ebering_ghost_xom

Skill      XL: |  1  2  3  4  5  6  7  8  9 10 11 12 13 14 |
---------------+-------------------------------------------+-----
Axes           | 3 4 5 7 8 10 11 12 13 14 | 14.7
Fighting       | 4 5 6 7 9 10 11 12 | 12.3
Armour         | 4 5 6 7 8 9 10 11 | 11.2
Shields        | 4 5 6 7 8 9 10 11 | 11.3
Throwing       | 1 2 4 5 6 7 8 |  8.5
Maces & Flails | 3 5 6 8 |  8.7
Invocations    | 1 5 7 9 |  9.6

Action                     |  1- 3 |  4- 6 |  7- 9 | 10-12 | 13-15 || total
---------------------------+-------+-------+-------+-------+-------++-------
  Melee: War axe           |   103 |   150 |   185 |   353 |   218 ||  1009
         Kick              |       |    21 |    50 |   114 |    72 ||   257
         Flail             |       |       |       |    29 |     5 ||    34
         Whip              |       |       |       |       |    18 ||    18
  Throw: Dart              |       |     5 |     2 |     3 |     1 ||    11
         Boomerang         |       |       |    17 |    56 |    26 ||    99
         Javelin           |       |       |     1 |     2 |     4 ||     7
 Invoke: Convert to Beogh  |       |       |       |     1 |       ||     1
         Smiting           |       |       |       |       |     1 ||     1
         Recall Orcish Fol |       |       |       |       |     1 ||     1
    Use: Potion            |     1 |     4 |     2 |     1 |     6 ||    14
         Scroll            |     1 |     7 |     8 |     7 |       ||    23
   Stab: Distracted        |       |       |       |       |     1 ||     1
         Sleeping          |       |       |       |       |     1 ||     1
 Armour: Scale mail        |    67 |    83 |    89 |   126 |   108 ||   473
         Animal skin       |       |       |       |       |     9 ||     9
  Dodge: Dodged            |    51 |    75 |    83 |   123 |   105 ||   437
  Block: Buckler           |    20 |    45 |    40 |    89 |    70 ||   264
